Unix NetHack Version 5.0.0-0 post-release - last build Jun 10 2026 00:39:30 (3ee93aec679c4c4259841fe613dc97188e26a321,branch:main).

Game began 2026-06-15 03:01:29, ended 2026-06-15 03:13:13.

CyberFan, lawful female dwarven Archeologist

  ------
  |....+            --------------------------------
  |...<|#          #|".............................|
  |.....############..-----..----........--+------.|
  ------#          #|.|...-..|   ........|   ....|.|
                    |.|...|..+     ......|    ...|.|
                    |.|...|."|------.....|-----|--.|
                    |"|-----.|%%|..|.....|..|.......
                     .|....-.|(%|..|.....|..|......|
                    |.|._..|.|..||--..{..--|-......|
                    |.|....|.-|--..................|
                    |.|....|......--|----.-|------.|
                    |.|--------|--|..|  |.|...|(]|G|
                    |.+      |....|.*|  +.|(((|((|(|
                    |.|      |....|?]|  -.|(((|..|s|
                    |.----- ----------   .------|-@|
                    |............................f.|
                    --------------------------------

CyberFan the Digger        St:10 Dx:10 Co:15 In:15 Wi:12 Ch:10  Lawful
Dlvl:7  $:71 HP:0(25) Pw:6(6) AC:6  Xp:2/35 T:1744 

Latest messages:
 In what direction?
 The door opens.
 "Hello, CyberFan!  Welcome to Oguhmk's hardware store!"
 "Will you please leave your pick-axe outside?"
 Pick a monster, object or location.
 What do you want to drop? [$a-lpsuwyzBDG or ?*]
 You drop an uncursed +0 pick-axe.
 You see here a tin opener (for sale, 40 zorkmids).
 You see here a whistle (for sale, 18 zorkmids).
 "For you, good lady; only 18 zorkmids for this whistle."
 H - a whistle (unpaid, 18 zorkmids).
 What do you want to use or apply? [af-hDGH or ?*]
 You produce a high whistling sound.
 What do you want to drop? [$a-df-lpsuwyzBDGH or ?*]
 You drop a whistle (unpaid, 18 zorkmids).
 You see here a leash (for sale, 27 zorkmids).
 You hear the chime of a cash register.
 You see here a tin opener (for sale, 40 zorkmids).
 You stop.  Your kitten is in the way!
 There is an open door here.
 You see here an uncursed +0 pick-axe.
 e - an uncursed +0 pick-axe.
 What do you want to wield? [- ae or ?*]
 e - an uncursed +0 pick-axe (weapon in right hand).
 You swap places with your kitten.
 You hit the giant spider.
 Your hands stop glowing red.
 The giant spider appears confused.
 You miss the giant spider.
 You hit the giant spider.
 The giant spider misses the kitten.
 You miss the giant spider.
 You stumble into a spider web!
 The giant spider bites!
 You miss the giant spider.
 You are stuck to the web.
 You are stuck to the web.
 You disentangle yourself.
 You hit the giant spider.
 The giant spider bites!
 You hit the giant spider.
 You see here a brass lantern.
 The giant spider bites!
 You stumble into a spider web!
 You are stuck to the web.
 The giant spider bites!
 You miss the giant spider.
 The giant spider bites!
 The giant spider's bite was poisoned!
 You die...

Inventory:
 Coins    ('$')
  $ - 71 gold pieces
 Weapons  (')')
  a - an uncursed +2 bullwhip
 Armor    ('[')
  c - a blessed +0 fedora (being worn)
  B - an uncursed +0 pair of iron shoes (being worn)
  j - an uncursed +0 shield of drain resistance (being worn)
  b - an uncursed +0 leather jacket (being worn)
 Comestibles  ('%')
  y - an uncursed jackfruit
  d - 3 uncursed food rations
 Scrolls  ('?')
  s - an uncursed scroll of enchant weapon
  w - a blessed scroll of identify
 Potions  ('!')
  z - an uncursed potion of gain level
  u - a blessed potion of oil
  i - an uncursed potion of restore ability
  k - an uncursed potion of speed
 Rings    ('=')
  l - an uncursed ring of searching
  p - an uncursed ring of searching
 Tools    ('(')
  h - an empty uncursed sack
  D - an uncursed brass lantern
  e - an uncursed +0 pick-axe (weapon in right hand)
  G - an uncursed skeleton key
  f - an uncursed tinning kit (0:75)
 Gems/Stones  ('*')
  g - an uncursed touchstone

CyberFan the Archeologist's attributes:

Background:
 You were a Digger, a level 2 female dwarven Archeologist.
 You were lawful, on a mission for Quetzalcoatl
 who was opposed by Camaxtli (neutral) and Huhetotl (chaotic).
 You were right-handed.
 You were in the Gnomish Mines, on level 7.
 You entered the dungeon 1744 turns ago.
 It was nighttime.
 There was a new moon in effect when your adventure ended.
 You had 35 experience points, 5 more were needed to attain level 3.

Basics:
 You had 0 out of 25 hit points.
 You had all 6 energy points (spell power).
 Your armor class was 6.
 Your wallet contained 71 zorkmids.
 Autopickup was on for '$%?!"=/*' plus thrown, with exceptions.

Final Characteristics:
 Your strength was 10 (peak:13, limit:18/100).
 Your dexterity was 10 (limit:20).
 Your constitution was 15 (limit:20).
 Your intelligence was 15 (limit:16).
 Your wisdom was 12 (limit:16).
 Your charisma was 10 (limit:16).

Final Status:
 You were trapped in a web.
 You weren't hungry.
 You were unencumbered.
 You were wielding a pick-axe.
 You had basic skill with pick-axe.

Final Attributes:
 You were devoutly aligned.
 You were level-drain resistant.
 You had automatic searching.
 You had infravision.
 You were lucky.
 You are dead.

Miscellaneous:
 You disabled loading and storing of bones levels.
 Total elapsed playing time was 11 minutes and 43 seconds.

Major events:
 Turn
    1: CyberFan the lawful female dwarven Archeologist entered the dungeon
  857: entered the Gnomish Mines
 1389: reached Mine Town
 1744: killed by a giant spider

Spells:
 Name                 Level Category     Fail Retention
 force bolt             1   attack        38%  76%-100%

Skills:
 Fighting Skills
   bare handed combat [Unskilled]
   two weapon combat  [Unskilled]
   riding             [Unskilled]
 Weapon Skills
   dagger             [Unskilled]
   knife              [Unskilled]
   pick-axe           [Basic]
   short sword        [Unskilled]
   saber              [Unskilled]
   club               [Unskilled]
   quarterstaff       [Unskilled]
   sling              [Unskilled]
   dart               [Unskilled]
   boomerang          [Unskilled]
   whip               [Basic]
   unicorn horn       [Unskilled]
 Spellcasting Skills
   attack spells      [Unskilled]
   healing spells     [Unskilled]
   divination spells  [Unskilled]
   matter spells      [Unskilled]

Voluntary challenges:
 Character rerolling was not enabled.
 You never genocided any monsters.
 You never polymorphed an object.
 You never changed form.
 You used no wishes.
Achievements:
 You entered the Gnomish Mines.
 You entered Minetown.
 You entered a temple.
 You entered a shop.

 The Dungeons of Doom: levels 1 to 4
    Level 1:
    Level 2:
       A fountain.
    Level 3:
       Some fountains.
    Level 4:
       A fountain.
       Stairs down to The Gnomish Mines.
 The Gnomish Mines: levels 5 to 7
    Level 5:
    Level 6:
    Level 7: <- You were here.
       Many shops, a temple and an altar to Quetzalcoatl, a fountain.
       Final resting place for
          you, killed by a giant spider.


Vanquished creatures:
  2 gnomish wizards
  a dwarf
  a monkey
  a werejackal
  2 hobbits
  2 giant rats
  a red mold
  7 gnomes
  2 jackals
  a fox
  a goblin
  3 grid bugs
  a lichen
25 creatures vanquished.

No species were genocided or became extinct.

Game over:
                       ----------
                      /          \
                     /    REST    \
                    /      IN      \
                   /     PEACE      \
                  /                  \
                  |     CyberFan     |
                  |      71 Au       |
                  |   killed by a    |
                  |   giant spider   |
                  |                  |
                  |                  |
                  |       2026       |
                 *|     *  *  *      | *
        _________)/\\_//(\/(/\)/\//\/|_)_______

Goodbye CyberFan the Archeologist...

You died in The Gnomish Mines on dungeon level 7 with 524 points,
and 71 pieces of gold, after 1744 moves.
You were level 2 with a maximum of 25 hit points when you died.

